 Dungeon Crawl Stone Soup version 0.28.0-53-g5a82cb258f (webtiles) character file.

Game seed: 4349858919545761035

120 Plasmagod the Shield-Bearer (level 5, -3/42 HPs)
             Began as a Formicid Fighter on July 25, 2022.
             Slain by an iguana (7 damage)
             ... on level 3 of the Dungeon.
             The game lasted 00:02:39 (1833 turns).

Plasmagod the Shield-Bearer (Formicid Fighter)      Turns: 1833, Time: 00:02:39

Health: -3/42      AC:  7    Str: 23    XL:     5   Next: 25%
Magic:  5/5        EV:  9    Int:  7    God:
Gold:   101        SH:  4    Dex: 10    Spells: 4/4 levels left

rFire   . . .      SeeInvis +   a - +0 quarterstaff
rCold   . . .      Faith    .   c - +0 buckler
rNeg    . . .      Spirit   .   b - +0 scale mail
rPois   .          Reflect  .   (helmet unavailable)
rElec   .          Harm     .   (no cloak)
rCorr   .          Rampage  .   (no gloves)
Will    .....                   (no boots)
Stlth   ..........              (no amulet)
HPRegen 0.14/turn               (no ring)
MPRegen 0.09/turn               (no ring)

@: no status effects
A: permanent stasis, dig shafts and tunnels, antennae 3, four strong arms
a: Dig, Shaft Self


You were on level 3 of the Dungeon.
You visited 1 branch of the dungeon, and saw 3 of its levels.

You collected 101 gold pieces.

Inventory:

Hand Weapons
 a - a +0 quarterstaff (weapon)
 i - a +1 hand axe of flaming
Armour
 b - a +0 scale mail (worn)
 c - a +0 buckler (worn)
Scrolls
 e - a scroll of identify {unknown}
 j - a scroll of teleportation {unknown}
 l - a scroll of enchant weapon {unknown}
Potions
 d - a potion of might
 f - a potion of attraction {unknown}
 g - 4 potions of curing {unknown}
 h - a potion of degeneration {unknown}
 k - a potion of magic {unknown}
 m - a potion of lignification {unknown}
 n - a potion of invisibility {unknown}
 o - a potion of haste {unknown}


   Skills:
 + Level 3.9 Fighting
 + Level 3.2 Staves
 + Level 4.0 Armour
 + Level 0.1 Dodging
 + Level 4.7 Shields


You had 4 spell levels left.
You didn't know any spells.
Your spell library contained the following spells:

 Spells                   Type           Power      Damage    Failure   Level
 Freeze                   Ice            0%         1d3       80%         1
 Frozen Ramparts          Ice            0%         1d2       99%         3
 Hailstorm                Conj/Ice       0%         3d3       100%        4


Dungeon Overview and Level Annotations

Branches:
Dungeon (3/15)

Altars:
Ashenzari

Shops:
D:1 =


Innate Abilities, Weirdness & Mutations

You cannot be hasted, slowed, berserked, paralysed or teleported.
You can dig through walls and to a lower floor.
You have a pair of large antennae on your head. (SInv)
Your four strong arms can wield two-handed weapons with a shield.


Message History

You kill the worm!
Okay, then.
You see here a bat corpse.
Found a robe.
An iguana comes into view.
The iguana hisses angrily.
Found a stone staircase leading down.
The iguana bites you!
You hit the iguana but do no damage. You block the iguana's attack.
You hit the iguana.
The iguana is lightly wounded.
The iguana bites you!
You hit the iguana but do no damage.
The iguana is lightly wounded.
The iguana bites you.
You barely miss the iguana.
The iguana is lightly wounded.
The iguana bites you!
* * * LOW HITPOINT WARNING * * *
The iguana barely misses you.
You are too injured to fight recklessly!
You are too injured to fight recklessly!
You hit the iguana but do no damage.
The iguana is lightly wounded.
The iguana bites you!
* * * LOW HITPOINT WARNING * * *
You hit the iguana.
The iguana is moderately wounded.
The iguana bites you.
* * * LOW HITPOINT WARNING * * *
You barely miss the iguana.
The iguana is moderately wounded.
The iguana barely misses you.
You sock the iguana!
The iguana is almost dead.
The iguana closely misses you.
You hit the iguana but do no damage.
The iguana is almost dead.
The iguana bites you!
You die...

### # #.# #
#.###.######
#####.#........####.#.
.....................>
#####.#.#.####.####.#
#####.......[....#
..†.....#.####.#@#
).......#.####.#l#
#####...#.........
#####.†........#...
...........#####.#..
.###.................
............##.#.#....
.............. ...
.... .###....##..##.


You could see an iguana.

Vanquished Creatures
  A hound (D:2)
  3 adders (D:2)
  2 worms
  8 endoplasms
  2 giant cockroaches
  4 goblins
  3 hobgoblins
  8 jackals (D:1)
  2 quokkas
  3 ball pythons
  7 bats
  A frilled lizard (D:3)
  4 kobolds
  4 rats
52 creatures vanquished.

Notes
Turn   | Place    | Note
-------+----------+-------------------------------------------
     0 | D:1      | Plasmagod the Formicid Fighter began the quest for the Orb.
     0 | D:1      | Reached XP level 1. HP: 18/18 MP: 1/1
   128 | D:1      | Reached XP level 2. HP: 22/24 MP: 2/2
   290 | D:1      | Found Kaklilum's Jewellery Emporium.
   419 | D:1      | Reached XP level 3. HP: 28/29 MP: 3/3
   979 | D:2      | Found a broken altar of Ashenzari.
   992 | D:2      | Reached XP level 4. HP: 31/37 MP: 4/4
  1331 | D:2      | Found a faded altar of an unknown god.
  1510 | D:2      | Reached XP level 5. HP: 37/42 MP: 5/5
  1833 | D:3      | Slain by an iguana

Illustrated notes

Levels and vault maps discovered:
D:1:      amcnicky_arrival_feature_with_door, layout_loops_ring, serial_shops,
          nicolae_shop_hallway_stairs, chequers_serial_rivers_micro_a,
          minmay_pentomino_r2
D:2:      layout_rooms, basic_altar, hellmonk_ecumenical_altar_zigzags,
          grunt_ministairs_11, hex_intersection, st_stairs_13,
          serial_park_tiny_1
D:3:      layout_basic, mainiacjoe_overflow_six_doors_small

Skill      XL: |  1  2  3  4 |
---------------+-------------+-----
Shields        | 4 |  4.7
Armour         | 4 |  4.0
Staves         | 3 |  3.2
Fighting       | |  3.9
Dodging        | |  0.1

Action                   |  1- 3 |  4- 6 || total
-------------------------+-------+-------++-------
Melee: Quarterstaff      |    78 |    75 ||   153
Armor: Scale mail        |    50 |    34 ||    84
Dodge: Dodged            |    46 |    40 ||    86
Block: Buckler           |    27 |    27 ||    54
